Map: [ESL] Hard Lead

Players

XYXY (XY) - Winner!

  • Race: Terran Terran
  • Spawn Location: 11:00

Coffee

  • Race: Terran Terran
  • Spawn Location: 5:00

Event: ESL SC2 Masters 2023 Winter (Regional)

VOD

Have the link to the VOD?

Description

Time

  • Played on: Oct. 28, 2023, 7:47 a.m.
  • Length: 7:06

All games in this series

Show
View Real Time Build Order
Export as new Build Order

XYXY Terran - Winner!

Build Orders: Cyclone Opening 

Get SALT Encoding   

  12  0:00  SCV  
  13  0:12  SCV  
  14  0:17  Supply Depot  
  14  0:24  SCV  
  15  0:38  SCV  
  15  0:40  Barracks  
  16  0:43  Refinery  
  16  0:50  SCV  
  16  0:53  Refinery  
  17  1:03  SCV  
  18  1:15  SCV  
  19  1:27  Orbital Command, Reaper  
  19  1:30  Supply Depot  
  20  1:41  Factory  
  20  1:53  SCV  
  21  1:59  Reaper  
  22  2:05  SCV  
  23  2:15  Command Center  
  23  2:18  SCV  
  24  2:26  Cyclone  
  26  2:30  SCV  
  26  2:32  Barracks Reactor  
  26  2:36  Supply Depot  
  27  2:42  SCV  
  28  2:50  Starport  
  28  2:54  SCV  
  29  2:59  Factory Tech Lab  
  29  3:07  SCV  
  29  3:09  Marine x2, Refinery  
  32  3:19  Siege Tank, SCV  
  36  3:26  Starport Tech Lab  
  36  3:30  Orbital Command  
  36  3:32  SCV  
  37  3:44  SCV  
  37  3:46  Raven  
  37  3:48  Marine x2  
  42  3:55  SCV  
  43  3:56  SCV  
  43  4:02  Siege Tank  
  47  4:05  Marine x2  
  47  4:07  SCV  
  47  4:08  SCV, Supply Depot  
  51  4:19  SCV  
  51  4:20  Raven  
  54  4:25  Supply Depot  
  54  4:27  SCV  
  54  4:30  Marine  
  55  4:31  SCV  
  54  4:39  SCV  
  54  4:43  SCV  
  54  4:45  Siege Tank  
  59  4:46  Interference Matrix  
  59  4:47  Supply Depot  
  59  4:51  SCV  
  60  4:56  SCV  
  60  4:59  Raven  
  63  5:03  Marine x2, SCV  
  63  5:04  Supply Depot  
  66  5:08  SCV  
  67  5:15  SCV  
  67  5:17  Siege Tank  
  67  5:20  SCV  
  72  5:21  Marine x2  
  72  5:23  Command Center  
  72  5:27  SCV  
  75  5:33  SCV  
  76  5:37  Supply Depot  
  76  5:39  SCV  
  79  5:47  SCV  
  78  5:50  Siege Tank  
  78  5:56  Viking x2, Barracks  
  84  5:59  Barracks, SCV  
  84  6:01  Marine  
  84  6:03  SCV  
  82  6:11  SCV  
  83  6:15  SCV  
  84  6:22  Siege Tank  
  84  6:23  SCV  
  88  6:26  Marine  
  88  6:27  SCV  
  90  6:35  Viking x2  
  91  6:44  Marine  
  91  6:46  SCV  
  93  6:51  SCV  
  94  6:59  Barracks Tech Lab, Supply Depot  
  94  7:00  Barracks Reactor  
  94  7:04  Engineering Bay  
  94  7:06  Engineering Bay  
Show
View Real Time Build Order
Export as new Build Order

Coffee Terran 

Build Orders: Cyclone Opening 

Get SALT Encoding   

  12  0:00  SCV  
  13  0:12  SCV  
  14  0:17  Supply Depot  
  14  0:24  SCV  
  15  0:38  SCV  
  15  0:40  Barracks  
  16  0:44  Refinery  
  16  0:50  SCV  
  16  0:53  Refinery  
  17  1:02  SCV  
  18  1:14  SCV  
  19  1:27  Orbital Command  
  19  1:28  Reaper  
  19  1:32  Supply Depot  
  20  1:42  Factory  
  20  1:53  SCV  
  21  2:00  Reaper  
  22  2:05  SCV  
  23  2:17  SCV  
  24  2:23  Command Center  
  24  2:28  Cyclone  
  26  2:31  SCV  
  26  2:35  Barracks Reactor  
  27  2:42  Supply Depot  
  27  2:43  SCV  
  28  2:51  Starport  
  28  2:55  SCV  
  29  3:00  Cyclone  
  31  3:07  SCV  
  31  3:11  Marine x2  
  34  3:19  SCV  
  35  3:27  Medivac  
  35  3:28  Marine  
  35  3:29  Marine  
  35  3:33  Factory Tech Lab  
  39  3:35  Orbital Command, SCV  
  40  3:47  SCV, Refinery  
  41  3:48  Marine x2  
  41  3:52  Siege Tank  
  46  3:58  Supply Depot  
  46  3:59  SCV  
  46  4:01  Starport Tech Lab  
  46  4:02  SCV  
  48  4:09  Marine  
  49  4:10  Marine  
  49  4:11  SCV  
  49  4:15  SCV  
  52  4:20  Supply Depot  
  52  4:21  Raven  
  52  4:23  SCV  
  56  4:31  SCV  
  56  4:35  SCV  
  57  4:43  SCV  
  57  4:44  Command Center  
  57  4:47  SCV  
  57  4:52  Interference Matrix  
  57  4:55  Barracks  
  57  4:57  Barracks, Raven  
  57  4:58  Factory Reactor  
  59  5:00  SCV  
  59  5:02  SCV  
  61  5:07  Marine  
  61  5:08  Stimpack  
  61  5:13  Supply Depot, SCV  
  63  5:18  SCV  
  64  5:25  SCV  
  65  5:31  SCV, Engineering Bay x2  
  66  5:37  SCV  
  67  5:43  Barracks, SCV  
  67  5:45  Barracks  
  67  5:49  SCV  
  69  5:55  SCV  
  70  5:59  Starport Reactor, Marine  
  70  6:00  Siege Tank, Marine x3  
  77  6:05  SCV  
  77  6:07  SCV  
  76  6:11  Marine  
  76  6:17  Marine x3  
  76  6:18  Marine  
  78  6:21  SCV  
  77  6:29  Marine  
  78  6:32  Siege Tank  
  78  6:33  SCV  
  78  6:35  Marine x4  
  83  6:45  SCV  
  68  6:47  Marine  
Tags
 
Add a new tag
Caveats
  • Supply blocks, unpowered buildings, or Contaminate may cause inaccurate times.
  • Supply counts are checked every 10 seconds.